[ PARTIDA AOE2 · #476884077 ]
UnrankedTártaros vs Teutons
[ ANÁLISIS DE REPETICIÓN · EXTRAÍDO DE LA PARTIDA GRABADA ]
Feudal
—
Castillos
—
Imperial
—
| APM promedio | 61.7 |
| APM pico | 66 |
| eAPM promedio | 30.7 |
| Aldeanos / militares | 19 / 14 |
Foco
⚔️ 63.1% · 🌾 36.9%
Scout Cavalry ×14
Feudal
—
Castillos
—
Imperial
—
| APM promedio | 31.2 |
| APM pico | 41 |
| eAPM promedio | 20.8 |
| Aldeanos / militares | 9 / 33 |
Foco
⚔️ 49.5% · 🌾 50.5%
Militia ×33
Feudal
—
Castillos
—
Imperial
—
| APM promedio | 6.9 |
| APM pico | 12 |
| eAPM promedio | 6.1 |
| Aldeanos / militares | 5 / 7 |
Foco
⚔️ 20.5% · 🌾 79.5%
Militia ×7
Feudal
—
Castillos
—
Imperial
—
| APM promedio | 22.2 |
| APM pico | 27 |
| eAPM promedio | 13.5 |
| Aldeanos / militares | 14 / 14 |
Foco
⚔️ 27.3% · 🌾 72.7%
Scout Cavalry ×14
Feudal
—
Castillos
—
Imperial
—
| APM promedio | 28.1 |
| APM pico | 72 |
| eAPM promedio | 20.6 |
| Aldeanos / militares | 16 / 17 |
Foco
⚔️ 38.9% · 🌾 61.1%
Skirmisher ×10 · Spearman ×7
Feudal
—
Castillos
—
Imperial
—
| APM promedio | 24.5 |
| APM pico | 34 |
| eAPM promedio | 15.5 |
| Aldeanos / militares | 9 / 15 |
Foco
⚔️ 33.7% · 🌾 66.3%
Militia ×15
Feudal
—
Castillos
—
Imperial
—
| APM promedio | 68.9 |
| APM pico | 89 |
| eAPM promedio | 31.4 |
| Aldeanos / militares | 24 / 21 |
Foco
⚔️ 38.3% · 🌾 61.7%
Archer ×21
Feudal
—
Castillos
—
Imperial
—
| APM promedio | 31.2 |
| APM pico | 42 |
| eAPM promedio | 14.9 |
| Aldeanos / militares | 6 / 17 |
Foco
⚔️ 40.3% · 🌾 59.7%
Militia ×13 · Spearman ×4
Mapa de la partida
Recursos iniciales + cada clic de construcción. Líneas = muros · curvas = relieve. ◆ oro · ⬟ piedra · ● bayas · ✦ reliquia · ◌ hueco del cierre
Tu base
Base de [LW] Kaena
Base de teutonicou
Base de Almirante da Colina
Base de ModernSamurai
Base de LanChesslot
Base de StKunduz
Base de nicodomax
Terreno inicial suavizado · ◌ = hueco del cierre detectado · pasá el cursor para detalles
Inputs por minuto
— Ux'Dannyechauri - - [LW] Kaena
Build order — Ux'Dannyechauri
81 acciones detectadas en el replay
| 0:00 | Crear | Villager (Male) |
| 0:01 | Crear | Villager (Male) |
| 0:07 | Construir | Stable |
| 0:27 | Investigar | Double-Bit Axe |
| 0:27 | Investigar | Double-Bit Axe |
| 0:40 | Crear | Villager (Male) |
| 0:43 | Construir | Farm |
| 0:56 | Construir | House |
| 0:59 | Crear | Scout Cavalry |
| 1:03 | Construir | Farm |
| 1:06 | Crear | Villager (Male) |
| 1:16 | Crear | Scout Cavalry |
| 1:17 | Crear | Scout Cavalry |
| 1:29 | Construir | Mill |
| 1:29 | Crear | Villager (Male) |
| 1:45 | Construir | Farm |
| 1:53 | Crear | Scout Cavalry |
| 2:01 | Construir | House |
| 2:01 | Construir | House |
| 2:04 | Crear | Villager (Male) |
| 2:20 | Construir | Farm |
| 2:24 | Crear | Scout Cavalry |
| 2:27 | Crear | Villager (Male) |
| 2:45 | Crear | Scout Cavalry |
| 2:54 | Construir | Farm |
| 2:59 | Crear | Villager (Male) |
| 3:04 | Construir | House |
| 3:06 | Construir | Palisade Wall |
| 3:09 | Construir | Palisade Wall |
| 3:15 | Crear | Scout Cavalry |
| 3:16 | Crear | Villager (Male) |
| 3:25 | Construir | Farm |
| 3:25 | Construir | Farm |
| 3:26 | Construir | Farm |
| 3:26 | Construir | Farm |
| 3:29 | Crear | Villager (Male) |
| 3:39 | Crear | Scout Cavalry |
| 3:49 | Crear | Villager (Male) |
| 3:53 | Construir | Market |
| 4:02 | Crear | Scout Cavalry |
| 4:06 | Construir | Farm |
| 4:26 | Construir | House |
| 4:34 | Crear | Villager (Male) |
| 4:35 | Investigar | Forging |
| 4:45 | Crear | Scout Cavalry |
| 4:49 | Crear | Villager (Male) |
| 4:53 | Construir | Farm |
| 4:58 | Construir | Farm |
| 5:02 | Construir | House |
| 5:03 | Construir | House |
| 5:08 | Crear | Villager (Male) |
| 5:19 | Crear | Scout Cavalry |
| 5:23 | Crear | Villager (Male) |
| 5:36 | Crear | Scout Cavalry |
| 5:45 | Crear | Villager (Male) |
| 5:49 | Construir | Palisade Wall |
| 5:51 | Construir | Stable |
| 6:01 | Investigar | Scale Barding Armor |
| 6:01 | Investigar | Scale Barding Armor |
| 6:10 | Construir | House |
| 6:12 | Construir | Palisade Wall |
| 6:14 | Construir | Palisade Wall |
| 6:15 | Construir | Palisade Wall |
| 6:18 | Construir | Palisade Wall |
| 6:19 | Construir | Palisade Wall |
| 6:24 | Crear | Scout Cavalry |
| 6:28 | Crear | Villager (Male) |
| 6:30 | Construir | House |
| 6:32 | Construir | Palisade Wall |
| 6:43 | Crear | Scout Cavalry |
| 6:59 | Construir | Farm |
| 7:00 | Construir | Farm |
| 7:02 | Construir | Farm |
| 7:05 | Construir | Farm |
| 7:08 | Crear | Villager (Male) |
| 7:12 | Construir | Farm |
| 7:22 | Investigar | Bloodlines |
| 7:22 | Investigar | Bloodlines |
| 7:22 | Crear | Villager (Male) |
| 7:25 | Construir | House |
| 7:26 | Construir | Palisade Wall |
Build order — [LW] Kaena
86 acciones detectadas en el replay
| 0:04 | Investigar | Man-at-Arms (upgrade) |
| 0:05 | Investigar | Scale Mail Armor |
| 0:26 | Construir | Barracks |
| 0:36 | Construir | House |
| 0:45 | Construir | Palisade Wall |
| 0:51 | Crear | Militia |
| 0:58 | Crear | Villager (Male) |
| 1:04 | Crear | Militia |
| 1:17 | Crear | Militia |
| 1:19 | Construir | Palisade Gate |
| 1:26 | Construir | Palisade Wall |
| 1:27 | Construir | Palisade Gate |
| 1:29 | Crear | Militia |
| 1:29 | Crear | Militia |
| 1:33 | Construir | Palisade Wall |
| 1:36 | Construir | Farm |
| 1:39 | Construir | Palisade Wall |
| 1:42 | Crear | Militia |
| 1:43 | Crear | Militia |
| 1:53 | Construir | House |
| 2:07 | Construir | Palisade Gate |
| 2:15 | Crear | Villager (Male) |
| 2:18 | Construir | Palisade Wall |
| 2:21 | Crear | Militia |
| 2:21 | Crear | Militia |
| 2:21 | Crear | Militia |
| 2:21 | Crear | Militia |
| 2:31 | Construir | Palisade Wall |
| 2:36 | Construir | Palisade Wall |
| 2:50 | Crear | Militia |
| 2:50 | Crear | Militia |
| 2:50 | Crear | Militia |
| 2:50 | Crear | Militia |
| 3:03 | Crear | Villager (Male) |
| 3:07 | Construir | Farm |
| 3:08 | Construir | Farm |
| 3:10 | Construir | Farm |
| 3:11 | Construir | Farm |
| 3:18 | Construir | Palisade Wall |
| 3:21 | Construir | Palisade Wall |
| 3:21 | Crear | Villager (Male) |
| 3:23 | Construir | House |
| 3:30 | Crear | Militia |
| 3:30 | Crear | Militia |
| 3:30 | Crear | Militia |
| 3:30 | Crear | Militia |
| 3:36 | Construir | Farm |
| 3:38 | Construir | Farm |
| 3:52 | Crear | Militia |
| 3:52 | Crear | Militia |
| 3:53 | Crear | Militia |
| 3:53 | Crear | Militia |
| 4:03 | Crear | Villager (Male) |
| 4:05 | Construir | Farm |
| 4:07 | Construir | Palisade Wall |
| 4:13 | Construir | Palisade Wall |
| 4:22 | Crear | Militia |
| 4:22 | Crear | Militia |
| 4:32 | Crear | Villager (Male) |
| 4:34 | Construir | Farm |
| 4:45 | Crear | Villager (Male) |
| 4:55 | Crear | Militia |
| 4:55 | Crear | Militia |
| 4:55 | Crear | Militia |
| 4:56 | Crear | Militia |
| 4:56 | Crear | Militia |
| 5:01 | Construir | Farm |
| 5:03 | Construir | Farm |
| 5:20 | Crear | Militia |
| 5:20 | Crear | Militia |
| 5:20 | Crear | Militia |
| 5:28 | Construir | House |
| 5:30 | Construir | Palisade Wall |
| 5:36 | Construir | Palisade Gate |
| 5:44 | Construir | House |
| 5:45 | Construir | House |
| 5:49 | Investigar | Wheelbarrow |
| 6:04 | Crear | Villager (Male) |
| 6:19 | Investigar | Forging |
| 6:27 | Construir | Farm |
| 6:56 | Construir | Farm |
| 6:59 | Investigar | Horse Collar |
| 7:01 | Investigar | Double-Bit Axe |
| 7:03 | Construir | House |
| 7:04 | Construir | House |
| 7:05 | Crear | Villager (Male) |
Build order — teutonicou
32 acciones detectadas en el replay
| 0:11 | Investigar | Wheelbarrow |
| 0:54 | Investigar | Horse Collar |
| 1:24 | Investigar | Double-Bit Axe |
| 1:45 | Crear | Villager (Male) |
| 1:53 | Crear | Villager (Male) |
| 2:10 | Crear | Villager (Male) |
| 2:19 | Construir | Market |
| 2:26 | Crear | Villager (Male) |
| 2:30 | Crear | Villager (Male) |
| 2:52 | Investigar | Arson |
| 3:01 | Construir | House |
| 3:04 | Construir | House |
| 3:06 | Construir | House |
| 3:08 | Construir | House |
| 3:23 | Construir | Farm |
| 3:27 | Investigar | Man-at-Arms (upgrade) |
| 3:43 | Construir | Farm |
| 3:55 | Construir | Farm |
| 3:56 | Construir | Farm |
| 3:57 | Construir | Farm |
| 3:58 | Construir | Farm |
| 3:59 | Construir | Farm |
| 4:04 | Construir | Farm |
| 4:17 | Construir | Farm |
| 4:25 | Construir | Farm |
| 4:35 | Crear | Militia ×4 |
| 5:02 | Investigar | Scale Mail Armor |
| 5:35 | Investigar | Forging |
| 5:56 | Investigar | Gold Mining |
| 6:01 | Crear | Militia |
| 6:02 | Crear | Militia |
| 6:06 | Crear | Militia |
Build order — Almirante da Colina
65 acciones detectadas en el replay
| 0:02 | Crear | Villager (Male) |
| 0:02 | Crear | Villager (Male) |
| 0:02 | Crear | Villager (Male) |
| 0:23 | Construir | Stable |
| 0:33 | Crear | Villager (Male) |
| 0:41 | Investigar | Double-Bit Axe |
| 0:51 | Construir | House |
| 0:55 | Construir | House |
| 0:56 | Construir | Palisade Wall |
| 1:07 | Construir | House |
| 1:08 | Crear | Scout Cavalry |
| 1:25 | Construir | Mill |
| 1:28 | Crear | Scout Cavalry |
| 1:31 | Crear | Villager (Male) |
| 1:52 | Construir | Palisade Wall |
| 1:55 | Crear | Villager (Male) |
| 1:57 | Crear | Scout Cavalry |
| 2:08 | Construir | House |
| 2:15 | Construir | Stable |
| 2:18 | Crear | Scout Cavalry |
| 2:36 | Investigar | Horse Collar |
| 2:42 | Construir | Farm |
| 2:46 | Crear | Villager (Male) |
| 2:48 | Crear | Scout Cavalry |
| 2:56 | Construir | House |
| 2:58 | Construir | Palisade Wall |
| 3:07 | Crear | Scout Cavalry |
| 3:13 | Construir | Farm |
| 3:14 | Construir | Farm |
| 3:14 | Construir | Farm |
| 3:14 | Construir | Farm |
| 3:14 | Construir | Farm |
| 3:15 | Construir | Farm |
| 3:15 | Construir | Farm |
| 3:25 | Crear | Scout Cavalry |
| 3:27 | Construir | Farm |
| 3:32 | Construir | Farm |
| 3:36 | Crear | Villager (Male) |
| 3:38 | Construir | House |
| 3:53 | Construir | House |
| 4:06 | Crear | Villager (Male) |
| 4:09 | Construir | Farm |
| 4:16 | Construir | House |
| 4:19 | Crear | Scout Cavalry |
| 4:22 | Crear | Villager (Male) |
| 4:32 | Construir | House |
| 4:34 | Construir | Palisade Wall |
| 4:36 | Crear | Villager (Male) |
| 4:39 | Construir | House |
| 4:42 | Construir | Palisade Wall |
| 4:45 | Construir | House |
| 4:46 | Crear | Scout Cavalry |
| 4:47 | Crear | Scout Cavalry |
| 5:05 | Crear | Villager (Male) |
| 5:21 | Construir | House |
| 5:22 | Construir | House |
| 5:26 | Investigar | Bloodlines |
| 5:36 | Investigar | Scale Barding Armor |
| 6:01 | Crear | Scout Cavalry |
| 6:01 | Crear | Scout Cavalry |
| 6:08 | Crear | Villager (Male) |
| 6:09 | Crear | Villager (Male) |
| 6:14 | Construir | Mill |
| 6:36 | Crear | Scout Cavalry |
| 6:36 | Crear | Scout Cavalry |
Build order — ModernSamurai
42 acciones detectadas en el replay
| 0:10 | Construir | Farm |
| 0:18 | Construir | Farm |
| 0:23 | Construir | Farm |
| 0:39 | Crear | Villager (Male) |
| 0:40 | Crear | Villager (Male) |
| 0:40 | Crear | Villager (Male) |
| 1:03 | Investigar | Gold Mining |
| 1:18 | Investigar | Double-Bit Axe |
| 1:59 | Construir | Market |
| 2:06 | Construir | Mining Camp |
| 2:20 | Crear | Villager (Male) |
| 2:20 | Crear | Villager (Male) |
| 2:20 | Crear | Villager (Male) |
| 2:44 | Construir | Archery Range |
| 2:57 | Crear | Villager (Male) |
| 3:18 | Investigar | Fletching |
| 4:24 | Crear | Skirmisher |
| 4:24 | Crear | Skirmisher |
| 4:24 | Crear | Skirmisher |
| 5:15 | Crear | Villager (Male) |
| 5:15 | Crear | Villager (Male) |
| 5:15 | Crear | Villager (Male) |
| 5:16 | Crear | Villager (Male) |
| 5:16 | Crear | Villager (Male) |
| 5:16 | Crear | Villager (Male) |
| 5:58 | Crear | Skirmisher |
| 5:58 | Crear | Skirmisher |
| 5:58 | Crear | Skirmisher |
| 5:58 | Crear | Skirmisher |
| 5:59 | Crear | Skirmisher |
| 5:59 | Crear | Skirmisher |
| 5:59 | Crear | Skirmisher |
| 6:06 | Crear | Spearman |
| 6:07 | Crear | Spearman |
| 6:07 | Crear | Spearman |
| 6:07 | Crear | Spearman |
| 6:07 | Crear | Spearman |
| 6:08 | Crear | Spearman |
| 6:08 | Crear | Spearman |
| 6:41 | Crear | Villager (Male) |
| 6:41 | Crear | Villager (Male) |
| 6:41 | Crear | Villager (Male) |
Build order — LanChesslot
43 acciones detectadas en el replay
| 0:10 | Construir | Farm |
| 0:11 | Construir | Farm |
| 0:11 | Construir | Farm |
| 0:12 | Construir | Farm |
| 0:12 | Construir | Farm |
| 0:12 | Construir | Farm |
| 0:12 | Construir | Farm |
| 0:13 | Construir | Farm |
| 0:14 | Crear | Villager (Male) |
| 0:15 | Crear | Villager (Male) |
| 0:15 | Crear | Villager (Male) |
| 0:15 | Crear | Villager (Male) |
| 0:46 | Construir | Farm |
| 0:56 | Construir | Farm |
| 1:06 | Crear | Villager (Male) |
| 1:13 | Construir | Farm |
| 1:15 | Crear | Villager (Male) |
| 1:15 | Crear | Villager (Male) |
| 1:42 | Construir | Market |
| 1:53 | Construir | House |
| 1:55 | Construir | House |
| 2:13 | Construir | Palisade Wall |
| 2:28 | Construir | Palisade Wall |
| 2:32 | Construir | Palisade Wall |
| 2:47 | Investigar | Man-at-Arms (upgrade) |
| 2:48 | Crear | Militia |
| 2:48 | Crear | Militia |
| 2:49 | Crear | Militia |
| 2:49 | Crear | Militia |
| 3:24 | Crear | Militia |
| 3:25 | Crear | Militia |
| 4:11 | Crear | Militia |
| 4:11 | Crear | Militia |
| 4:41 | Crear | Militia |
| 4:42 | Crear | Militia |
| 4:46 | Construir | Barracks |
| 5:13 | Crear | Militia |
| 5:22 | Crear | Villager (Male) |
| 5:22 | Crear | Villager (Male) |
| 5:48 | Crear | Militia |
| 5:48 | Crear | Militia |
| 6:08 | Crear | Militia |
| 6:08 | Crear | Militia |
Build order — StKunduz
85 acciones detectadas en el replay
| 0:00 | Crear | Villager (Male) |
| 0:12 | Investigar | Double-Bit Axe |
| 0:13 | Crear | Villager (Male) |
| 0:33 | Construir | Archery Range |
| 0:42 | Crear | Villager (Male) |
| 0:50 | Construir | House |
| 1:08 | Crear | Villager (Male) |
| 1:16 | Crear | Archer |
| 1:27 | Construir | Archery Range |
| 1:36 | Crear | Villager (Male) |
| 1:41 | Crear | Archer |
| 1:48 | Construir | House |
| 1:58 | Crear | Archer |
| 2:03 | Crear | Villager (Male) |
| 2:21 | Construir | House |
| 2:25 | Construir | Palisade Wall |
| 2:28 | Crear | Archer |
| 2:28 | Crear | Archer |
| 2:29 | Crear | Villager (Male) |
| 2:32 | Investigar | Horse Collar |
| 2:32 | Investigar | Horse Collar |
| 2:40 | Investigar | Gold Mining |
| 2:40 | Investigar | Gold Mining |
| 2:52 | Crear | Archer |
| 2:52 | Crear | Archer |
| 2:54 | Crear | Villager (Male) |
| 3:10 | Construir | House |
| 3:11 | Construir | House |
| 3:13 | Crear | Archer |
| 3:13 | Crear | Archer |
| 3:14 | Investigar | Fletching |
| 3:16 | Crear | Villager (Male) |
| 3:23 | Crear | Villager (Male) |
| 3:26 | Crear | Villager (Male) |
| 3:32 | Construir | House |
| 3:35 | Construir | Palisade Wall |
| 3:37 | Construir | Palisade Wall |
| 3:41 | Crear | Archer |
| 3:41 | Crear | Archer |
| 3:54 | Crear | Villager (Male) |
| 3:57 | Construir | Mill |
| 4:12 | Crear | Villager (Male) |
| 4:24 | Crear | Villager (Male) |
| 4:28 | Construir | House |
| 4:30 | Construir | Palisade Wall |
| 4:36 | Construir | House |
| 4:38 | Construir | House |
| 4:45 | Crear | Archer |
| 4:45 | Crear | Archer |
| 4:47 | Construir | House |
| 4:58 | Crear | Villager (Male) |
| 5:09 | Crear | Archer |
| 5:09 | Crear | Archer |
| 5:12 | Crear | Villager (Male) |
| 5:28 | Crear | Villager (Male) |
| 5:30 | Crear | Archer |
| 5:30 | Crear | Archer |
| 5:33 | Crear | Villager (Male) |
| 5:36 | Construir | Farm |
| 5:36 | Construir | Farm |
| 5:36 | Construir | Farm |
| 5:36 | Construir | Farm |
| 5:37 | Construir | Farm |
| 5:37 | Construir | Farm |
| 5:39 | Crear | Villager (Male) |
| 5:40 | Construir | House |
| 5:41 | Construir | House |
| 5:50 | Construir | House |
| 5:54 | Construir | Palisade Wall |
| 5:58 | Crear | Villager (Male) |
| 5:58 | Crear | Villager (Male) |
| 6:04 | Crear | Villager (Male) |
| 6:08 | Construir | Farm |
| 6:10 | Construir | Farm |
| 6:18 | Crear | Villager (Male) |
| 6:29 | Construir | Farm |
| 6:32 | Crear | Archer |
| 6:32 | Crear | Archer |
| 6:40 | Construir | House |
| 6:42 | Construir | Palisade Wall |
| 6:43 | Construir | House |
| 6:53 | Crear | Archer |
| 6:54 | Crear | Archer |
| 7:26 | Crear | Villager (Male) |
| 7:28 | Construir | Farm |
Build order — nicodomax
37 acciones detectadas en el replay
| 0:24 | Crear | Villager (Male) |
| 0:25 | Crear | Villager (Male) |
| 0:25 | Crear | Villager (Male) |
| 0:46 | Crear | Villager (Male) |
| 0:47 | Crear | Villager (Male) |
| 0:47 | Crear | Villager (Male) |
| 1:12 | Investigar | Double-Bit Axe |
| 1:13 | Investigar | Double-Bit Axe |
| 1:20 | Construir | Farm |
| 1:30 | Construir | House |
| 1:32 | Construir | House |
| 1:33 | Construir | House |
| 1:42 | Crear | Militia |
| 1:42 | Crear | Militia |
| 1:45 | Crear | Militia |
| 1:46 | Crear | Militia |
| 2:05 | Construir | Market |
| 2:16 | Investigar | Horse Collar |
| 2:23 | Construir | Farm |
| 2:28 | Construir | Farm |
| 2:35 | Crear | Militia |
| 2:35 | Crear | Militia |
| 2:55 | Investigar | Scale Mail Armor |
| 3:14 | Construir | House |
| 3:20 | Investigar | Man-at-Arms (upgrade) |
| 3:30 | Crear | Militia |
| 3:30 | Crear | Militia |
| 3:30 | Crear | Militia |
| 4:10 | Construir | Watch Tower |
| 5:35 | Crear | Militia |
| 5:35 | Crear | Militia |
| 5:35 | Crear | Militia |
| 5:35 | Crear | Militia |
| 5:36 | Crear | Spearman |
| 5:37 | Crear | Spearman |
| 5:37 | Crear | Spearman |
| 5:37 | Crear | Spearman |
Cronología de la partida
| 0:07 | Ux'Dannyechauri · first_building Stable |
| 0:23 | Almirante da Colina · first_building Stable |
| 0:26 | [LW] Kaena · first_building Barracks |
| 0:33 | StKunduz · first_building Archery Range |
| 0:45 | [LW] Kaena · wall_segment Palisade Wall x6 |
| 0:56 | Almirante da Colina · wall_segment Palisade Wall x1 |
| 1:26 | [LW] Kaena · wall_segment Palisade Wall x3 |
| 1:33 | [LW] Kaena · wall_segment Palisade Wall x4 |
| 1:39 | [LW] Kaena · wall_segment Palisade Wall x4 |
| 1:52 | Almirante da Colina · wall_segment Palisade Wall x9 |
| 2:13 | LanChesslot · wall_segment Palisade Wall x6 |
| 2:18 | [LW] Kaena · wall_segment Palisade Wall x3 |
| 2:25 | StKunduz · wall_segment Palisade Wall x5 |
| 2:28 | LanChesslot · wall_segment Palisade Wall x7 |
| 2:31 | [LW] Kaena · wall_segment Palisade Wall x3 |
| 2:32 | LanChesslot · wall_segment Palisade Wall x11 |
| 2:36 | [LW] Kaena · wall_segment Palisade Wall x9 |
| 2:44 | ModernSamurai · first_building Archery Range |
| 2:58 | Almirante da Colina · wall_segment Palisade Wall x1 |
| 3:06 | Ux'Dannyechauri · wall_segment Palisade Wall x4 |
| 3:09 | Ux'Dannyechauri · wall_segment Palisade Wall x7 |
| 3:18 | [LW] Kaena · wall_segment Palisade Wall x6 |
| 3:21 | [LW] Kaena · wall_segment Palisade Wall x1 |
| 3:35 | StKunduz · wall_segment Palisade Wall x20 |
| 3:37 | StKunduz · wall_segment Palisade Wall x1 |
| 4:07 | [LW] Kaena · wall_segment Palisade Wall x6 |
| 4:13 | [LW] Kaena · wall_segment Palisade Wall x8 |
| 4:30 | StKunduz · wall_segment Palisade Wall x1 |
| 4:34 | Almirante da Colina · wall_segment Palisade Wall x12 |
| 4:42 | Almirante da Colina · wall_segment Palisade Wall x10 |
| 4:46 | LanChesslot · first_building Barracks |
| 5:30 | [LW] Kaena · wall_segment Palisade Wall x6 |
| 5:49 | Ux'Dannyechauri · wall_segment Palisade Wall x5 |
| 5:54 | StKunduz · wall_segment Palisade Wall x9 |
| 6:12 | Ux'Dannyechauri · wall_segment Palisade Wall x6 |
| 6:14 | Ux'Dannyechauri · wall_segment Palisade Wall x4 |
| 6:15 | Ux'Dannyechauri · wall_segment Palisade Wall x7 |
| 6:18 | Ux'Dannyechauri · wall_segment Palisade Wall x8 |
| 6:19 | Ux'Dannyechauri · wall_segment Palisade Wall x3 |
| 6:32 | Ux'Dannyechauri · wall_segment Palisade Wall x11 |
| 6:42 | StKunduz · wall_segment Palisade Wall x1 |
| 7:01 | nicodomax · resign |
| 7:26 | Ux'Dannyechauri · wall_segment Palisade Wall x5 |
[ ANÁLISIS IA · 1 CRÉDITO ]
¿Qué pasó realmente en esta partida?
Wolo.gg analiza cada decisión: build order, eco, micro, errores típicos por bracket. Análisis personalizado por WhatsApp o Discord en 30 segundos.
Guía civ
Tártaros
Perfil
Jugador #305399